% Time on Ice - KELOWNA ROCKETS
Lines # - Real PCT - Wanted PCT - Time Play
Normal Forward
1 - 34% - 37% - 17:42
2 - 32% - 36% - 16:59
3 - 25% - 27% - 13:18
4 - 9% - 0% - 4:36
Normal Defense
1 - 36% - 36% - 19:01
2 - 33% - 33% - 17:29
3 - 31% - 31% - 16:05
4 - 0% - 0% - 0:00
PP Forward
1 - 56% - 60% - 4:10
2 - 44% - 40% - 3:15
PP Defense
1 - 49% - 60% - 3:36
2 - 51% - 40% - 3:49
PK Forward
1 - 0% - 65%
2 - 0% - 35%
PK Defense
1 - 0% - 55%
2 - 0% - 45%
PK3 Forward
1 - 0% - 60%
2 - 0% - 40%
PK3 Defense
1 - 0% - 55%
2 - 0% - 45%
44 Forward
1 - 0% - 55%
2 - 0% - 45%
44 Defense
1 - 0% - 55%
2 - 0% - 45%
Last Minute Offensive  - 0:00
Last Minute Defensive  - 0:00
Total
Forward - 60:00
Defense - 60:00
% Time on Ice - PORTLAND PIRATES
Lines # - Real PCT - Wanted PCT - Time Play
Normal Forward
1 - 34% - 33% - 17:47
2 - 33% - 33% - 17:30
3 - 24% - 24% - 12:32
4 - 9% - 10% - 4:46
Normal Defense
1 - 37% - 36% - 19:15
2 - 33% - 31% - 17:18
3 - 24% - 23% - 12:26
4 - 7% - 10% - 3:36
PP Forward
1 - 0% - 55%
2 - 0% - 45%
PP Defense
1 - 0% - 55%
2 - 0% - 45%
PK Forward
1 - 55% - 55% - 4:03
2 - 45% - 45% - 3:22
PK Defense
1 - 54% - 55% - 3:59
2 - 46% - 45% - 3:26
PK3 Forward
1 - 0% - 55%
2 - 0% - 45%
PK3 Defense
1 - 0% - 55%
2 - 0% - 45%
44 Forward
1 - 0% - 55%
2 - 0% - 45%
44 Defense
1 - 0% - 55%
2 - 0% - 45%
Last Minute Offensive  - 0:00
Last Minute Defensive  - 0:00
Total
Forward - 60:00
Defense - 60:00
Play-by-Play 1st period 0:01 of 1st period - Mika Zibanejad wins face-off versus Auston Matthews in neutral zone. 0:04 of 1st period - Auston Matthews is hit by Gabriel Landeskog. 0:22 of 1st period - Shot by Vladimir Tarasenko. 0:22 of 1st period - Shot Blocked by Thomas Chabot. 0:24 of 1st period - Shot by Dmitri Orlov. 0:24 of 1st period - Shot Misses the Net. 0:26 of 1st period - Shot by Dmitri Orlov. 0:26 of 1st period - Shot Misses the Net. 0:45 of 1st period - Icing by Thomas Chabot. 0:46 of 1st period - Anthony Cirelli wins face-off versus Mika Zibanejad in PORTLAND PIRATES zone. 1:13 of 1st period - Minor Penalty to Thomas Chabot for Roughing. 1:14 of 1st period - J.T. Compher wins face-off versus Pavel Zacha in PORTLAND PIRATES zone. 1:55 of 1st period - Shot by Tyler Bertuzzi. 1:55 of 1st period - Stopped by Cameron Talbot with a rebound. 1:57 of 1st period - Shot by J.T. Compher. 1:57 of 1st period - Shot Misses the Net. 2:12 of 1st period - Icing by Adam Fox. 2:13 of 1st period - Auston Matthews wins face-off versus Michael Amadio in KELOWNA ROCKETS zone. 2:17 of 1st period - Off-side. 2:18 of 1st period - Michael Amadio wins face-off versus Auston Matthews in neutral zone. 2:24 of 1st period - Icing by Adam Fox. 2:25 of 1st period - Auston Matthews wins face-off versus Michael Amadio in KELOWNA ROCKETS zone. 3:28 of 1st period - Shot by Chandler Stephenson. 3:28 of 1st period - Deflect By Yanni Gourde. 3:28 of 1st period - Shot Misses the Net. 3:38 of 1st period - Shot by Rickard Rakell. 3:38 of 1st period - Shot Misses the Net. 3:54 of 1st period - Shot by Rickard Rakell. 3:54 of 1st period - Shot Misses the Net. 4:18 of 1st period - Shot by Gabriel Landeskog. 4:18 of 1st period - Stopped by Sergei Bobrovsky without a rebound. 4:19 of 1st period - Jonathan Toews wins face-off versus Anthony Cirelli in KELOWNA ROCKETS zone. 4:50 of 1st period - Shot by Valeri Nichushkin. 4:50 of 1st period - Stopped by Cameron Talbot without a rebound. 4:51 of 1st period - Chandler Stephenson wins face-off versus Auston Matthews in PORTLAND PIRATES zone. 5:09 of 1st period - Shot by Vladimir Tarasenko. 5:09 of 1st period - Stopped by Cameron Talbot without a rebound. 5:10 of 1st period - Anthony Cirelli wins face-off versus Ryan Donato in PORTLAND PIRATES zone. 5:21 of 1st period - Shot by Valeri Nichushkin. 5:21 of 1st period - Deflect By Alexander Ovechkin. 5:21 of 1st period - Shot Misses the Net. 5:24 of 1st period - Icing by William Carrier. 5:25 of 1st period - Ryan Donato wins face-off versus Auston Matthews in PORTLAND PIRATES zone. 6:04 of 1st period - Icing by Duncan Keith. 6:05 of 1st period - Auston Matthews wins face-off versus Chandler Stephenson in KELOWNA ROCKETS zone. 6:55 of 1st period - Shot by Alexander Ovechkin. 6:55 of 1st period - Stopped by Cameron Talbot without a rebound. 6:56 of 1st period - J.T. Compher wins face-off versus Jonathan Toews in PORTLAND PIRATES zone. 7:06 of 1st period - Icing by Thomas Chabot. 7:07 of 1st period - Cody Eakin wins face-off versus Jonathan Toews in PORTLAND PIRATES zone. 7:17 of 1st period - Off-side. 7:18 of 1st period - Mika Zibanejad wins face-off versus Anthony Cirelli in neutral zone. 7:28 of 1st period - Icing by Jonathon Merrill. 7:29 of 1st period - Anthony Cirelli wins face-off versus Jonathan Toews in KELOWNA ROCKETS zone. 7:50 of 1st period - Shot by Anthony Cirelli. 7:50 of 1st period - Shot Misses the Net. 8:36 of 1st period - Mika Zibanejad is hit by Jonathon Merrill. 8:39 of 1st period - Gabriel Landeskog is hit by Mark Giordano and loses puck. 8:57 of 1st period - Mika Zibanejad is hit by Mark Giordano and loses puck. 9:30 of 1st period - Shot by Yanni Gourde. 9:30 of 1st period - Deflect By Chandler Stephenson. 9:30 of 1st period - Stopped by Sergei Bobrovsky without a rebound. 9:31 of 1st period - J.T. Compher wins face-off versus Ryan Donato in KELOWNA ROCKETS zone. 10:01 of 1st period - Shot by J.T. Compher. 10:01 of 1st period - Shot Misses the Net. 11:01 of 1st period - Shot by Pavel Buchnevich. 11:01 of 1st period - Shot Misses the Net. 11:03 of 1st period - Shot by Auston Matthews. 11:03 of 1st period - Shot Misses the Net. 11:05 of 1st period - Shot by Adam Fox. 11:05 of 1st period - Shot Blocked by William Carrier. 11:29 of 1st period - Cody Eakin is hit by Rickard Rakell and loses puck. 11:35 of 1st period - Duncan Keith is hit by Brett Pesce and loses puck. 12:40 of 1st period - Off-side. 12:41 of 1st period - Auston Matthews wins face-off versus Pavel Zacha in neutral zone. 12:44 of 1st period - Pavel Zacha is hit by Vladimir Tarasenko and loses puck. 12:59 of 1st period - Shot by Travis Konecny. 12:59 of 1st period - Shot Misses the Net. 13:01 of 1st period - Shot by Jonathan Toews. 13:01 of 1st period - Stopped by Sergei Bobrovsky without a rebound. 13:02 of 1st period - Mika Zibanejad wins face-off versus Anthony Cirelli in KELOWNA ROCKETS zone. 13:07 of 1st period - Shot by Robert Thomas. 13:07 of 1st period - Stopped by Sergei Bobrovsky without a rebound. 13:08 of 1st period - Mika Zibanejad wins face-off versus Pavel Buchnevich in KELOWNA ROCKETS zone. 13:21 of 1st period - Shot by Pavel Buchnevich. 13:21 of 1st period - Shot Misses the Net. 13:23 of 1st period - Shot by Auston Matthews. 13:23 of 1st period - Stopped by Cameron Talbot without a rebound. 13:24 of 1st period - Chandler Stephenson wins face-off versus J.T. Compher in PORTLAND PIRATES zone. 13:24 of 1st period - Chandler Stephenson is hit by Derek Ryan. 13:41 of 1st period - Shot by Tyler Bertuzzi. 13:41 of 1st period - Stopped by Cameron Talbot without a rebound. 13:42 of 1st period - Mika Zibanejad wins face-off versus Auston Matthews in PORTLAND PIRATES zone. 14:18 of 1st period - Shot by Auston Matthews. 14:18 of 1st period - Stopped by Cameron Talbot with a rebound. 14:20 of 1st period - Shot by Pavel Buchnevich. 14:20 of 1st period - Shot Misses the Net. 15:29 of 1st period - Icing by Ben Hutton. 15:30 of 1st period - Jonathan Toews wins face-off versus Tyler Bertuzzi in PORTLAND PIRATES zone. 15:53 of 1st period - Shot by Chandler Stephenson. 15:53 of 1st period - Goal by Chandler Stephenson - KELOWNA ROCKETS : 0 - PORTLAND PIRATES : 1. 15:54 of 1st period - Auston Matthews wins face-off versus Mika Zibanejad in neutral zone. 16:02 of 1st period - Shot by Robert Thomas. 16:02 of 1st period - Shot Misses the Net. 16:04 of 1st period - Shot by Brian Dumoulin. 16:04 of 1st period - Shot Misses the Net. 16:06 of 1st period - Shot by Robert Thomas. 16:06 of 1st period - Shot Misses the Net. 16:11 of 1st period - Mika Zibanejad is hit by Anthony DeAngelo and loses puck. 16:26 of 1st period - Shot by Robert Thomas. 16:26 of 1st period - Stopped by Sergei Bobrovsky with a rebound. 16:28 of 1st period - Shot by Gabriel Landeskog. 16:28 of 1st period - Stopped by Sergei Bobrovsky with a rebound. 17:04 of 1st period - Shot by Chandler Stephenson. 17:04 of 1st period - Shot Blocked by Dmitri Orlov. 17:06 of 1st period - Shot by Brett Pesce. 17:06 of 1st period - Shot Blocked by Adam Fox. 17:18 of 1st period - Shot by Valeri Nichushkin. 17:18 of 1st period - Shot Blocked by Brett Pesce. 17:34 of 1st period - Shot by Chandler Stephenson. 17:34 of 1st period - Stopped by Sergei Bobrovsky without a rebound. 17:35 of 1st period - Jonathan Toews wins face-off versus J.T. Compher in KELOWNA ROCKETS zone. 19:23 of 1st period - Shot by Alexander Ovechkin. 19:23 of 1st period - Shot Misses the Net. 19:35 of 1st period - Shot by Auston Matthews. 19:35 of 1st period - Shot Misses the Net. 19:37 of 1st period - Shot by Pavel Buchnevich. 19:37 of 1st period - Deflect By Auston Matthews. 19:37 of 1st period - Stopped by Cameron Talbot without a rebound. 19:38 of 1st period - Chandler Stephenson wins face-off versus Auston Matthews in PORTLAND PIRATES zone. 19:49 of 1st period - Shot by Rickard Rakell. 19:49 of 1st period - Stopped by Sergei Bobrovsky without a rebound. 19:50 of 1st period - Cody Eakin wins face-off versus Jonathan Toews in KELOWNA ROCKETS zone. 19:55 of 1st period - Brett Pesce is hit by Keegan Kolesar and loses puck. Goals for this period are 0 for KELOWNA ROCKETS vs 1 for PORTLAND PIRATES. Shots for this period are 8 for KELOWNA ROCKETS vs 9 for PORTLAND PIRATES. 2nd period 0:01 of 2nd period - Auston Matthews wins face-off versus Yanni Gourde in neutral zone. 0:20 of 2nd period - Shot by Auston Matthews. 0:20 of 2nd period - Stopped by Cameron Talbot without a rebound. 0:21 of 2nd period - Jonathan Toews wins face-off versus J.T. Compher in PORTLAND PIRATES zone. 1:02 of 2nd period - Shot by Travis Konecny. 1:02 of 2nd period - Goal by Travis Konecny - KELOWNA ROCKETS : 0 - PORTLAND PIRATES : 2. 1:03 of 2nd period - Auston Matthews wins face-off versus Chandler Stephenson in neutral zone. 1:05 of 2nd period - Minor Penalty to Mark Borowiecki for Tripping. 1:06 of 2nd period - Pavel Zacha wins face-off versus Auston Matthews in PORTLAND PIRATES zone. 1:34 of 2nd period - Shot by Auston Matthews. 1:34 of 2nd period - Shot Misses the Net. 2:17 of 2nd period - Icing by Dmitri Orlov. 2:18 of 2nd period - J.T. Compher wins face-off versus Michael Amadio in KELOWNA ROCKETS zone. 2:33 of 2nd period - Shot by J.T. Compher. 2:33 of 2nd period - Goal by J.T. Compher - KELOWNA ROCKETS : 1 - PORTLAND PIRATES : 2. 2:34 of 2nd period - Gabriel Landeskog wins face-off versus Cody Eakin in neutral zone. 2:34 of 2nd period - Gabriel Landeskog is hit by Keegan Kolesar. 3:13 of 2nd period - Anthony DeAngelo is hit by Thomas Chabot and loses puck. 3:42 of 2nd period - Shot by Anthony Cirelli. 3:42 of 2nd period - Stopped by Cameron Talbot with a rebound. 3:59 of 2nd period - Shot by Anthony Cirelli. 3:59 of 2nd period - Deflect By Alexander Ovechkin. 3:59 of 2nd period - Stopped by Cameron Talbot without a rebound. 4:00 of 2nd period - Auston Matthews wins face-off versus Jonathan Toews in PORTLAND PIRATES zone. 4:07 of 2nd period - Shot by Vladimir Tarasenko. 4:07 of 2nd period - Stopped by Cameron Talbot with a rebound. 4:19 of 2nd period - Auston Matthews is hit by Travis Konecny and loses puck. 4:24 of 2nd period - Shot by Jonathan Toews. 4:24 of 2nd period - Shot Blocked by Jonathon Merrill. 4:26 of 2nd period - Shot by Pavel Zacha. 4:26 of 2nd period - Stopped by Ser